Drummondville Voltigeurs vs Sherbrooke Phoenix

Created - 2 novembre 2017 at 18:14

Goals
1 2 3 T
Drummondville Voltigeurs 1 1 0 2
Sherbrooke Phoenix 1 1 2 4
Shots
1 2 3 T
Drummondville Voltigeurs 8 8 3 19
Sherbrooke Phoenix 11 4 12 27

1st period

1. Sherbrooke Phoenix , Brandon Mashinter 1 (Blake Coleman 19) at 12:37
2. Drummondville Voltigeurs , Tyler Pitlick 5 (Kevin Rooney 2, Derek Grant 9) at 13:14

Penalties :
Mike Weber (PHO) for Cross-checking (Minor) at 9:49

2nd period

3. Sherbrooke Phoenix , Blake Coleman 10 (Justin Florek 1, Conner Bleackley 8) at 4:24
4. Drummondville Voltigeurs , Ahti Oksanen 3 (Seth Helgeson 1) at 15:05

Penalties :
Jordan Subban (PHO) for Fighting (Major) at 3:10, Alex Grant (VOL) for Fighting (Major) at 3:10, Casey Bailey (PHO) for Fighting (Major) at 3:28, Kevin Rooney (VOL) for Fighting (Major) at 3:28, Tommy Hughes (PHO) for Fighting (Major) at 3:45, Tye McGinn (VOL) for Fighting (Major) at 3:45, Kevin Connauton (VOL) for Slashing (Minor) at 4:47, Chris Carlisle (PHO) for Tripping (Minor) at 7:08, Brandon Mashinter (PHO) for Hooking (Minor) at 12:03, Kevin Connauton (VOL) for Slashing (Minor) at 12:49, Daniel Zaar (PHO) for Fighting (Major) at 15:08, Alex Grant (VOL) for Fighting (Major) at 15:08, Mike Weber (PHO) for Fighting (Major) at 15:13, Sergei Boikov (VOL) for Fighting (Major) at 15:13, Mike Weber (PHO) for instigated a fight (Minor) at 15:13, Mike Weber (PHO) for instigated a fight (10 Minutes Misconduct) at 15:13

3rd period

5. Sherbrooke Phoenix , Max Friberg 1 (Casey Bailey 1, Daniel Zaar 13) at 1:00
6. Sherbrooke Phoenix , Max Friberg 2 (Jordan Subban 3, Daniel Zaar 14) at 2:28

Penalties :
Julius Bergman (PHO) for Hooking (Minor) at 7:11

Goalie Stats

Nick Ellis (VOL), 23 saves from 27 shots - (0,852), L, 4-6-0, 60:00 minutes
Vitek Vanecek (PHO), 17 saves from 19 shots - (0,895), W, 3-1-0, 60:00 minutes

Players Stats for Drummondville Voltigeurs

Player Name              G  A  P  +/- PIM S  H  SB GA TA FO     MP     PP MP  PK MP  
------------------------------------------------------------------------------------
Ahti Oksanen             1  0  1  -2  0   1  2  0  0  1  1/2    15:29   1:43   1:50 
Alex Grant               0  0  0   0  10  0  4  2  0  1  0/0    22:45   3:46   0:07 
Curtis McKenzie          0  0  0   0  0   0  1  1  2  0  4/6    24:13   4:06   1:29 
Derek Grant              0  1  1   0  0   2  0  1  1  0  8/15   18:56   4:11   0:35 
Jean-Sebastien Dea       0  0  0  -3  0   2  1  0  0  0  4/7    15:23   1:05   0:10 
Julius Honka             0  0  0  -2  0   0  0  0  2  0  0/0    19:40   2:57   1:00 
Kevin Connauton          0  0  0   2  4   3  3  0  0  1  0/0    24:03   5:36   0:00 
Kevin Rooney             0  1  1   1  5   1  2  0  0  0  0/0    16:52   3:29   0:00 
Kevin Tansey             0  0  0   0  0   0  1  1  0  0  0/0    13:37   0:00   1:27 
Mark Olver               0  0  0   1  0   0  1  0  1  0  0/0     9:11   0:33   0:57 
Mike Downing             0  0  0  -1  0   0  2  0  0  0  0/0     4:11   0:00   0:00 
Nick Sorensen            0  0  0  -4  0   0  2  1  2  1  0/0    14:28   1:00   0:10 
Phillip Di Guiseppe      0  0  0   0  0   3  4  1  0  0  0/2    22:01   3:59   1:29 
Sam Henley               0  0  0   0  0   0  0  0  0  1  0/0     5:32   0:00   0:19 
Sergei Boikov            0  0  0   0  5   0  1  0  0  0  0/0    14:34   0:24   0:39 
Seth Helgeson            0  1  1  -2  0   0  2  0  0  1  0/0    18:02   2:57   0:39 
Tye McGinn               0  0  0   0  5   3  0  1  0  0  10/19  18:47   3:32   0:09 
Tyler Pitlick            1  0  1   0  0   4  1  1  0  1  1/1    18:11   4:11   0:00 

Players Stats for Sherbrooke Phoenix

Player Name              G  A  P  +/- PIM S  H  SB GA TA FO     MP     PP MP  PK MP  
------------------------------------------------------------------------------------
Blake Coleman            1  1  2   1  0   2  3  0  2  2  1/3    18:02   1:11   0:00 
Blake Siebenaler         0  0  0   3  0   1  0  0  0  3  0/0    19:09   1:10   2:43 
Brad Malone              0  0  0   0  0   3  1  0  0  0  4/11   18:29   1:11   2:41 
Brandon Mashinter        1  0  1   0  2   3  2  1  0  1  0/1    17:25   1:12   2:06 
Casey Bailey             0  1  1   2  5   1  1  0  1  0  13/26  22:00   0:15   4:17 
Chris Carlisle           0  0  0   0  2   0  1  0  0  0  0/0    13:42   0:00   3:07 
Conner Bleackley         0  1  1   1  0   0  0  0  0  0  2/4     8:27   0:14   0:53 
Daniel Zaar              0  2  2   2  5   5  0  1  1  0  0/0    15:43   1:33   0:00 
Dylan Labbe              0  0  0  -1  0   0  0  0  0  0  0/0    11:10   1:11   2:33 
Francis Perron           0  0  0  -1  0   3  0  0  0  1  1/4    11:33   1:05   0:41 
Jordan Subban            0  1  1   0  5   1  3  7  0  0  0/0    23:44   0:24   5:19 
Julius Bergman           0  0  0   3  2   1  0  0  0  0  0/0    18:38   1:10   1:57 
Justin Florek            0  1  1   1  0   2  2  0  0  0  2/2    12:29   0:00   2:14 
Mac Bennett              0  0  0  -1  0   0  0  0  0  0  0/0     4:39   0:00   0:00 
Max Friberg              2  0  2   2  0   4  0  1  2  0  0/0    25:13   1:34   4:33 
Mike Weber               0  0  0  -1  19  0  0  0  0  0  0/0    15:43   1:35   1:46 
Pascal Pelletier         0  0  0  -1  0   0  0  0  1  0  1/1     9:38   0:00   0:00 
Tommy Hughes             0  0  0   1  5   0  0  0  0  0  0/0    14:42   0:00   0:06 
Troy Bourke              0  0  0  -1  0   1  1  1  0  1  0/0     9:38   0:00   0:00 

3 Stars

1 - Max Friberg (PHO)
2 - Blake Coleman (PHO)
3 - Justin Florek (PHO)

Power Play

Drummondville Voltigeurs - 0 on 5 Attempt(s) - 0,00%
Sherbrooke Phoenix - 0 on 2 Attempt(s) - 0,00%

Penalty Kill

Drummondville Voltigeurs - 2 on 2 Attempt(s) - 100,00% - Score 0 goal in Penalty Kill
Sherbrooke Phoenix - 5 on 5 Attempt(s) - 100,00% - Score 0 goal in Penalty Kill

Team Stat

Drummondville Voltigeurs - Hits : 27 - Faceoff Wins : 28 - Blocked Shots : 9 - Penalty Minutes : 29
Sherbrooke Phoenix - Hits : 14 - Faceoff Wins : 24 - Blocked Shots : 11 - Penalty Minutes : 45

Official

Referees : Francois StLaurent and Steve Kozari
Linesman : Vaughan Rody and Brad Lazarowich

Game Notes

Alex Grant beats up Jordan Subban at 3:10 of 2nd period
Casey Bailey and Kevin Rooney fight to a draw at 3:28 of 2nd period
Tye McGinn beats up Tommy Hughes at 3:45 of 2nd period
Alex Grant beats up Daniel Zaar at 15:08 of 2nd period
Mike Weber beats up Sergei Boikov at 15:13 of 2nd period

Finance

Level 1 -- Attendance: 1552 (77,60%) -- Ticket Income 62 080 $
Level 2 -- Attendance: 765 (76,50%) -- Ticket Income 15 300 $
Total Attendance: 2317 (77,23%)
Total Ticket Income: 77 380 $
Other Income: 37 916 $
Total Income: 115 296 $

Drummondville Voltigeurs

5 vs 5 Forward 
   Center                   Left Wing                Right Wing               Time % Phy DF OF 
 1 Tye McGinn               Curtis McKenzie          Phillip Di Guiseppe      40     1   2  2  
 2 Derek Grant              Kevin Rooney             Tyler Pitlick            30     1   2  2  
 3 Jean-Sebastien Dea       Ahti Oksanen             Nick Sorensen            20     1   2  2  
 4 Mark Olver               Sam Henley               Curtis McKenzie          10     1   2  2  

5 vs 5 Defense 
   Defense                  Defense                                           Time % Phy DF OF 
 1 Alex Grant               Kevin Connauton                                   40     1   2  2  
 2 Julius Honka             Seth Helgeson                                     30     1   2  2  
 3 Sergei Boikov            Kevin Tansey                                      20     1   2  2  
 4 Mike Downing             Alex Grant                                        10     1   2  2  

PowerPlay Forward 
   Center                   Left Wing                Right Wing               Time % Phy DF OF 
 1 Tye McGinn               Curtis McKenzie          Phillip Di Guiseppe      60     1   2  2  
 2 Derek Grant              Kevin Rooney             Tyler Pitlick            40     1   2  2  

PowerPlay Defense
   Defense                  Defense                                           Time % Phy DF OF 
 1 Alex Grant               Kevin Connauton                                   60     1   2  2  
 2 Julius Honka             Seth Helgeson                                     40     1   2  2  

Penalty Kill 4 Players Forward 
   Center                   Wing                     Time % Phy DF OF 
 1 Curtis McKenzie          Phillip Di Guiseppe      60     1   2  2  
 2 Tye McGinn               Derek Grant              40     1   2  2  

Penalty Kill 4 Players Defense
   Defense                  Defense                  Time % Phy DF OF 
 1 Alex Grant               Kevin Connauton          60     1   2  2  
 2 Julius Honka             Seth Helgeson            40     1   2  2  

Penalty Kill - 3 Players Forward 
   Forward                                           Time % Phy DF OF 
 1 Curtis McKenzie                                   60     1   2  2  
 2 Phillip Di Guiseppe                               40     1   2  2  

Penalty Kill - 3 Players Defense
   Defense                  Defense                  Time % Phy DF OF 
 1 Alex Grant               Kevin Connauton          60     1   2  2  
 2 Julius Honka             Seth Helgeson            40     1   2  2  

4 vs 4 Forward 
   Center                   Wing                     Time % Phy DF OF 
 1 Curtis McKenzie          Phillip Di Guiseppe      60     1   2  2  
 2 Tye McGinn               Derek Grant              40     1   2  2  

4 vs 4 Defense
   Defense                  Defense                  Time % Phy DF OF 
 1 Alex Grant               Kevin Connauton          60     1   2  2  
 2 Julius Honka             Seth Helgeson            40     1   2  2  

Last Minutes Offensive
   Center                   Left Wing                Right Wing               Defense                  Defense                  
   Tye McGinn               Curtis McKenzie          Phillip Di Guiseppe      Alex Grant               Kevin Connauton          

Last Minutes Defensive
   Center                   Left Wing                Right Wing               Defense                  Defense                  
   Tye McGinn               Curtis McKenzie          Phillip Di Guiseppe      Alex Grant               Kevin Connauton          

Goaltenders
Starting : Nick Ellis               
Backup : Adam Wilcox              

Extra Forwards
Normal : Jean-Sebastien Dea, Nick Sorensen, Mark Olver - PP : Jean-Sebastien Dea, Nick Sorensen - PK : Mark Olver
Extra Defensemen
Normal : Sergei Boikov, Kevin Tansey, Ahti Oksanen - PP : Sergei Boikov - PK : Kevin Tansey, Ahti Oksanen
Penalty Shots
Curtis McKenzie, Phillip Di Guiseppe, Tye McGinn, Derek Grant, Tyler Pitlick

Scratches
Joe Cannata (Healthy)

Sherbrooke Phoenix

5 vs 5 Forward 
   Center                   Left Wing                Right Wing               Time % Phy DF OF 
 1 Casey Bailey             Max Friberg              Daniel Zaar              40     1   2  2  
 2 Brad Malone              Brandon Mashinter        Blake Coleman            30     1   2  2  
 3 Blake Coleman            Justin Florek            Casey Bailey             20     1   2  2  
 4 Pascal Pelletier         Troy Bourke              Max Friberg              10     1   2  2  

5 vs 5 Defense 
   Defense                  Defense                                           Time % Phy DF OF 
 1 Jordan Subban            Mike Weber                                        40     1   2  2  
 2 Julius Bergman           Blake Siebenaler                                  30     1   2  2  
 3 Tommy Hughes             Chris Carlisle                                    20     1   2  2  
 4 Dylan Labbe              Mac Bennett                                       10     1   2  2  

PowerPlay Forward 
   Center                   Left Wing                Right Wing               Time % Phy DF OF 
 1 Casey Bailey             Max Friberg              Daniel Zaar              60     1   2  2  
 2 Brad Malone              Brandon Mashinter        Blake Coleman            40     1   2  2  

PowerPlay Defense
   Defense                  Defense                                           Time % Phy DF OF 
 1 Jordan Subban            Mike Weber                                        60     1   2  2  
 2 Julius Bergman           Blake Siebenaler                                  40     1   2  2  

Penalty Kill 4 Players Forward 
   Center                   Wing                     Time % Phy DF OF 
 1 Casey Bailey             Max Friberg              60     1   2  2  
 2 Brandon Mashinter        Brad Malone              40     1   2  2  

Penalty Kill 4 Players Defense
   Defense                  Defense                  Time % Phy DF OF 
 1 Jordan Subban            Mike Weber               60     1   2  2  
 2 Julius Bergman           Blake Siebenaler         40     1   2  2  

Penalty Kill - 3 Players Forward 
   Forward                                           Time % Phy DF OF 
 1 Casey Bailey                                      60     1   2  2  
 2 Max Friberg                                       40     1   2  2  

Penalty Kill - 3 Players Defense
   Defense                  Defense                  Time % Phy DF OF 
 1 Jordan Subban            Mike Weber               60     1   2  2  
 2 Julius Bergman           Blake Siebenaler         40     1   2  2  

4 vs 4 Forward 
   Center                   Wing                     Time % Phy DF OF 
 1 Casey Bailey             Max Friberg              60     1   2  2  
 2 Brandon Mashinter        Brad Malone              40     1   2  2  

4 vs 4 Defense
   Defense                  Defense                  Time % Phy DF OF 
 1 Jordan Subban            Mike Weber               60     1   2  2  
 2 Julius Bergman           Blake Siebenaler         40     1   2  2  

Last Minutes Offensive
   Center                   Left Wing                Right Wing               Defense                  Defense                  
   Casey Bailey             Max Friberg              Daniel Zaar              Jordan Subban            Mike Weber               

Last Minutes Defensive
   Center                   Left Wing                Right Wing               Defense                  Defense                  
   Casey Bailey             Max Friberg              Daniel Zaar              Jordan Subban            Mike Weber               

Goaltenders
Starting : Vitek Vanecek            
Backup : Antoine Bibeau           

Extra Forwards
Normal : Francis Perron, Conner Bleackley, Justin Florek - PP : Francis Perron, Conner Bleackley - PK : Justin Florek
Extra Defensemen
Normal : Tommy Hughes, Chris Carlisle, Dylan Labbe - PP : Tommy Hughes - PK : Chris Carlisle, Dylan Labbe
Penalty Shots
Casey Bailey, Max Friberg, Brandon Mashinter, Brad Malone, Blake Coleman

Scratches
Brandon Alderson (Healthy), Garrett Mitchell (Healthy)

% Time on Ice - Drummondville Voltigeurs

Lines # - Real PCT - Wanted PCT - Time Play
Normal Forward
1 - 35% - 40% - 16:20
2 - 32% - 30% - 15:12
3 - 22% - 20% - 10:35
4 - 11% - 10% - 5:13
Normal Defense
1 - 39% - 40% - 18:23
2 - 30% - 30% - 13:58
3 - 23% - 20% - 10:48
4 - 9% - 10% - 4:11
PP Forward
1 - 52% - 60% - 4:31
2 - 48% - 40% - 4:11
PP Defense
1 - 66% - 60% - 5:45
2 - 34% - 40% - 2:57
PK Forward
1 - 79% - 60% - 2:10
2 - 21% - 40% - 0:35
PK Defense
1 - 76% - 60% - 2:06
2 - 24% - 40% - 0:39
PK3 Forward
1 - 0% - 60%
2 - 0% - 40%
PK3 Defense
1 - 0% - 60%
2 - 0% - 40%
44 Forward
1 - 66% - 60% - 0:48
2 - 34% - 40% - 0:25
44 Defense
1 - 62% - 60% - 0:45
2 - 38% - 40% - 0:28
Last Minute Offensive  - 0:00
Last Minute Defensive  - 0:00
Total
Forward - 60:00
Defense - 60:00

% Time on Ice - Sherbrooke Phoenix

Lines # - Real PCT - Wanted PCT - Time Play
Normal Forward
1 - 33% - 40% - 15:50
2 - 33% - 30% - 15:33
3 - 13% - 20% - 6:19
4 - 20% - 10% - 9:38
Normal Defense
1 - 40% - 40% - 18:57
2 - 31% - 30% - 14:33
3 - 19% - 20% - 9:11
4 - 10% - 10% - 4:39
PP Forward
1 - 57% - 60% - 1:34
2 - 43% - 40% - 1:11
PP Defense
1 - 58% - 60% - 1:35
2 - 42% - 40% - 1:10
PK Forward
1 - 72% - 60% - 6:16
2 - 28% - 40% - 2:26
PK Defense
1 - 69% - 60% - 5:59
2 - 31% - 40% - 2:43
PK3 Forward
1 - 0% - 60%
2 - 0% - 40%
PK3 Defense
1 - 0% - 60%
2 - 0% - 40%
44 Forward
1 - 84% - 60% - 1:01
2 - 16% - 40% - 0:12
44 Defense
1 - 41% - 60% - 0:30
2 - 59% - 40% - 0:43
Last Minute Offensive  - 0:00
Last Minute Defensive  - 0:00
Total
Forward - 60:00
Defense - 60:00

Play by Play

1st period


0:01 of 1st period - Casey Bailey wins face-off versus Tye McGinn in neutral zone.
0:14 of 1st period - Slapshot by Max Friberg.
0:14 of 1st period - Stopped by Nick Ellis with a rebound.
0:16 of 1st period - Slapshot by Mike Weber.
0:16 of 1st period - Shot Misses the Net.
0:26 of 1st period - Jordan Subban is hit by Kevin Connauton and loses puck.
2:09 of 1st period - Snap shot by Nick Sorensen.
2:09 of 1st period - Shot Misses the Net.
2:58 of 1st period - Icing by Dylan Labbe.
2:59 of 1st period - Tye McGinn wins face-off versus Conner Bleackley in Sherbrooke Phoenix zone.
3:00 of 1st period - Wrist shot by Phillip Di Guiseppe.
3:00 of 1st period - Stopped by Vitek Vanecek with a rebound.
3:12 of 1st period - Snap shot by Daniel Zaar.
3:12 of 1st period - Deflect By Justin Florek.
3:12 of 1st period - Stopped by Nick Ellis with a rebound.
3:14 of 1st period - Wrist shot by Justin Florek.
3:14 of 1st period - Shot Blocked by Curtis McKenzie.
3:50 of 1st period - Wrist shot by Max Friberg.
3:50 of 1st period - Shot Blocked by Nick Sorensen.
3:52 of 1st period - Backhand shot by Mike Weber.
3:52 of 1st period - Deflect By Max Friberg.
3:52 of 1st period - Stopped by Nick Ellis without a rebound.
3:53 of 1st period - Casey Bailey wins face-off versus Derek Grant in Drummondville Voltigeurs zone.
4:06 of 1st period - Max Friberg is hit by Kevin Tansey and loses puck.
4:15 of 1st period - Max Friberg is hit by Kevin Rooney and loses puck.
4:30 of 1st period - Wrist shot by Max Friberg.
4:30 of 1st period - Shot Misses the Net.
4:32 of 1st period - Snap shot by Brad Malone.
4:32 of 1st period - Stopped by Nick Ellis with a rebound.
4:46 of 1st period - Snap shot by Tye McGinn.
4:46 of 1st period - Stopped by Vitek Vanecek with a rebound.
5:27 of 1st period - Slapshot by Derek Grant.
5:27 of 1st period - Shot Misses the Net.
5:29 of 1st period - Slapshot by Sergei Boikov.
5:29 of 1st period - Shot Misses the Net.
5:31 of 1st period - Snap shot by Derek Grant.
5:31 of 1st period - Shot Misses the Net.
5:33 of 1st period - Snap shot by Derek Grant.
5:33 of 1st period - Shot Misses the Net.
5:49 of 1st period - Wrist shot by Tye McGinn.
5:49 of 1st period - Stopped by Vitek Vanecek with a rebound.
6:09 of 1st period - Daniel Zaar is hit by Tyler Pitlick and loses puck.
6:22 of 1st period - Mac Bennett is hit by Ahti Oksanen and loses puck.
6:40 of 1st period - Kevin Connauton is hit by Blake Coleman.
6:54 of 1st period - Jordan Subban is hit by Kevin Rooney and loses puck.
7:17 of 1st period - Blake Coleman is hit by Alex Grant and loses puck.
7:24 of 1st period - Julius Bergman is hit by Mark Olver and loses puck.
8:04 of 1st period - Wrist shot by Pascal Pelletier.
8:04 of 1st period - Deflect By Julius Honka.
8:04 of 1st period - Shot Misses the Net.
8:04 of 1st period - Puck is out of play.
8:05 of 1st period - Conner Bleackley wins face-off versus Tye McGinn in Drummondville Voltigeurs zone.
8:42 of 1st period - Max Friberg is hit by Alex Grant and loses puck.
9:40 of 1st period - Wrist shot by Tyler Pitlick.
9:40 of 1st period - Deflect By Kevin Rooney.
9:40 of 1st period - Stopped by Vitek Vanecek without a rebound.
9:41 of 1st period - Derek Grant wins face-off versus Casey Bailey in Sherbrooke Phoenix zone.
9:49 of 1st period - Minor Penalty to Mike Weber for Cross-checking.
9:50 of 1st period - Casey Bailey wins face-off versus Tye McGinn in Sherbrooke Phoenix zone.
10:00 of 1st period - Jordan Subban is hit by Alex Grant and loses puck.
10:50 of 1st period - Alex Grant is hit by Brandon Mashinter and loses puck.
11:49 of 1st period - Penalty to Mike Weber is over, Mike Weber is back on ice.
12:14 of 1st period - Off-side.
12:15 of 1st period - Brad Malone wins face-off versus Jean-Sebastien Dea in neutral zone.
12:17 of 1st period - Off-side.
12:18 of 1st period - Ahti Oksanen wins face-off versus Brad Malone in neutral zone.
12:37 of 1st period - Snap shot by Brandon Mashinter.
12:37 of 1st period - Goal by Brandon Mashinter - Drummondville Voltigeurs : 0 - Sherbrooke Phoenix : 1.
12:38 of 1st period - Tye McGinn wins face-off versus Casey Bailey in neutral zone.
13:06 of 1st period - Wrist shot by Blake Coleman.
13:06 of 1st period - Shot Misses the Net.
13:14 of 1st period - Wrist shot by Tyler Pitlick.
13:14 of 1st period - Goal by Tyler Pitlick - Drummondville Voltigeurs : 1 - Sherbrooke Phoenix : 1.
13:15 of 1st period - Tye McGinn wins face-off versus Casey Bailey in neutral zone.
14:28 of 1st period - Jean-Sebastien Dea is hit by Troy Bourke and loses puck.
14:45 of 1st period - Slapshot by Casey Bailey.
14:45 of 1st period - Shot Misses the Net.
15:13 of 1st period - Snap shot by Casey Bailey.
15:13 of 1st period - Stopped by Nick Ellis with a rebound.
16:55 of 1st period - Derek Grant is hit by Justin Florek.
17:29 of 1st period - Brad Malone is hit by Mike Downing and loses puck.
18:00 of 1st period - Wrist shot by Jean-Sebastien Dea.
18:00 of 1st period - Stopped by Vitek Vanecek without a rebound.
18:01 of 1st period - Conner Bleackley wins face-off versus Jean-Sebastien Dea in Sherbrooke Phoenix zone.
18:06 of 1st period - Daniel Zaar is hit by Jean-Sebastien Dea and loses puck.
18:52 of 1st period - Wrist shot by Daniel Zaar.
18:52 of 1st period - Stopped by Nick Ellis with a rebound.
18:54 of 1st period - Wrist shot by Justin Florek.
18:54 of 1st period - Stopped by Nick Ellis with a rebound.
19:00 of 1st period - Snap shot by Justin Florek.
19:00 of 1st period - Shot Misses the Net.
19:02 of 1st period - Snap shot by Daniel Zaar.
19:02 of 1st period - Shot Misses the Net.
19:04 of 1st period - Snap shot by Daniel Zaar.
19:04 of 1st period - Stopped by Nick Ellis with a rebound.
19:06 of 1st period - Snap shot by Daniel Zaar.
19:06 of 1st period - Stopped by Nick Ellis without a rebound.
19:07 of 1st period - Brad Malone wins face-off versus Ahti Oksanen in Drummondville Voltigeurs zone.
19:10 of 1st period - Snap shot by Brad Malone.
19:10 of 1st period - Stopped by Nick Ellis with a rebound.
19:42 of 1st period - Snap shot by Nick Sorensen.
19:42 of 1st period - Shot Misses the Net.
19:44 of 1st period - Slapshot by Kevin Connauton.
19:44 of 1st period - Stopped by Vitek Vanecek with a rebound.
19:50 of 1st period - Snap shot by Nick Sorensen.
19:50 of 1st period - Shot Misses the Net.
19:52 of 1st period - Wrist shot by Ahti Oksanen.
19:52 of 1st period - Shot Blocked by Troy Bourke.
19:54 of 1st period - Slapshot by Alex Grant.
19:54 of 1st period - Shot Misses the Net.
19:56 of 1st period - Slapshot by Jean-Sebastien Dea.
19:56 of 1st period - Stopped by Vitek Vanecek with a rebound.
19:58 of 1st period - Snap shot by Jean-Sebastien Dea.
19:58 of 1st period - Shot Misses the Net.
Goals for this period are 1 for Drummondville Voltigeurs vs 1 for Sherbrooke Phoenix.
Shots for this period are 8 for Drummondville Voltigeurs vs 11 for Sherbrooke Phoenix.

2nd period


0:01 of 2nd period - Casey Bailey wins face-off versus Tye McGinn in neutral zone.
0:06 of 2nd period - Slapshot by Max Friberg.
0:06 of 2nd period - Shot Misses the Net.
0:26 of 2nd period - Brandon Mashinter is hit by Kevin Connauton and loses puck.
0:52 of 2nd period - Pascal Pelletier is hit by Ahti Oksanen and loses puck.
2:00 of 2nd period - Off-side.
2:01 of 2nd period - Brad Malone wins face-off versus Derek Grant in neutral zone.
2:53 of 2nd period - Slapshot by Jean-Sebastien Dea.
2:53 of 2nd period - Shot Blocked by Max Friberg.
2:55 of 2nd period - Snap shot by Tyler Pitlick.
2:55 of 2nd period - Deflect By Derek Grant.
2:55 of 2nd period - Stopped by Vitek Vanecek without a rebound.
2:56 of 2nd period - Derek Grant wins face-off versus Brad Malone in Sherbrooke Phoenix zone.
3:09 of 2nd period - Snap shot by Tyler Pitlick.
3:09 of 2nd period - Stopped by Vitek Vanecek without a rebound.
3:10 of 2nd period - Tye McGinn wins face-off versus Casey Bailey in Sherbrooke Phoenix zone.
3:10 of 2nd period - Alex Grant beats up Jordan Subban.
3:10 of 2nd period - Penalty to Jordan Subban for Fighting.
3:10 of 2nd period - Penalty to Alex Grant for Fighting.
3:11 of 2nd period - Casey Bailey wins face-off versus Phillip Di Guiseppe in Sherbrooke Phoenix zone.
3:20 of 2nd period - Wrist shot by Tye McGinn.
3:20 of 2nd period - Stopped by Vitek Vanecek with a rebound.
3:27 of 2nd period - Off-side.
3:28 of 2nd period - Casey Bailey wins face-off versus Derek Grant in neutral zone.
3:28 of 2nd period - Casey Bailey and Kevin Rooney fight to a draw.
3:28 of 2nd period - Penalty to Casey Bailey for Fighting.
3:28 of 2nd period - Penalty to Kevin Rooney for Fighting.
3:29 of 2nd period - Tye McGinn wins face-off versus Blake Coleman in neutral zone.
3:45 of 2nd period - Tye McGinn beats up Tommy Hughes.
3:45 of 2nd period - Penalty to Tommy Hughes for Fighting.
3:45 of 2nd period - Penalty to Tye McGinn for Fighting.
3:46 of 2nd period - Jean-Sebastien Dea wins face-off versus Francis Perron in Drummondville Voltigeurs zone.
4:16 of 2nd period - Wrist shot by Blake Coleman.
4:16 of 2nd period - Stopped by Nick Ellis with a rebound.
4:18 of 2nd period - Slapshot by Julius Bergman.
4:18 of 2nd period - Shot Blocked by Derek Grant.
4:20 of 2nd period - Wrist shot by Blake Siebenaler.
4:20 of 2nd period - Stopped by Nick Ellis with a rebound.
4:22 of 2nd period - Wrist shot by Conner Bleackley.
4:22 of 2nd period - Shot Misses the Net.
4:24 of 2nd period - Snap shot by Justin Florek.
4:24 of 2nd period - Deflect By Blake Coleman.
4:24 of 2nd period - Goal by Blake Coleman - Drummondville Voltigeurs : 1 - Sherbrooke Phoenix : 2.
4:25 of 2nd period - Jean-Sebastien Dea wins face-off versus Francis Perron in neutral zone.
4:30 of 2nd period - Francis Perron is hit by Curtis McKenzie and loses puck.
4:47 of 2nd period - Minor Penalty to Kevin Connauton for Slashing.
4:48 of 2nd period - Curtis McKenzie wins face-off versus Francis Perron in Drummondville Voltigeurs zone.
4:53 of 2nd period - Snap shot by Phillip Di Guiseppe.
4:53 of 2nd period - Shot Misses the Net.
4:58 of 2nd period - Icing by Daniel Zaar.
4:59 of 2nd period - Francis Perron wins face-off versus Curtis McKenzie in Sherbrooke Phoenix zone.
5:22 of 2nd period - Slapshot by Max Friberg.
5:22 of 2nd period - Shot Hit the Post.
5:24 of 2nd period - Snap shot by Francis Perron.
5:24 of 2nd period - Stopped by Nick Ellis without a rebound.
5:25 of 2nd period - Curtis McKenzie wins face-off versus Brad Malone in Drummondville Voltigeurs zone.
6:47 of 2nd period - Penalty to Kevin Connauton is over, Kevin Connauton is back on ice.
6:52 of 2nd period - Phillip Di Guiseppe is hit by Justin Florek and loses puck.
7:08 of 2nd period - Minor Penalty to Chris Carlisle for Tripping.
7:09 of 2nd period - Justin Florek wins face-off versus Derek Grant in Sherbrooke Phoenix zone.
7:39 of 2nd period - Mike Weber is hit by Nick Sorensen and loses puck.
8:02 of 2nd period - Julius Bergman is hit by Nick Sorensen and loses puck.
8:10 of 2nd period - Penalty to Jordan Subban is over, Jordan Subban is back on ice.
8:28 of 2nd period - Penalty to Casey Bailey is over, Casey Bailey is back on ice.
8:45 of 2nd period - Penalty to Tommy Hughes is over, Tommy Hughes is back on ice.
8:57 of 2nd period - Jordan Subban is hit by Seth Helgeson and loses puck.
9:08 of 2nd period - Penalty to Chris Carlisle is over, Chris Carlisle is back on ice.
9:40 of 2nd period - Backhand shot by Pascal Pelletier.
9:40 of 2nd period - Shot Blocked by Kevin Tansey.
9:42 of 2nd period - Slapshot by Dylan Labbe.
9:42 of 2nd period - Deflect By Troy Bourke.
9:42 of 2nd period - Shot Misses the Net.
9:42 of 2nd period - Puck is out of play.
9:43 of 2nd period - Blake Coleman wins face-off versus Jean-Sebastien Dea in Drummondville Voltigeurs zone.
9:50 of 2nd period - Slapshot by Julius Honka.
9:50 of 2nd period - Deflect By Ahti Oksanen.
9:50 of 2nd period - Shot Misses the Net.
9:50 of 2nd period - Puck is out of play.
9:51 of 2nd period - Derek Grant wins face-off versus Blake Coleman in Sherbrooke Phoenix zone.
10:13 of 2nd period - Icing by Seth Helgeson.
10:14 of 2nd period - Pascal Pelletier wins face-off versus Tye McGinn in Drummondville Voltigeurs zone.
10:39 of 2nd period - Kevin Rooney is hit by Casey Bailey and loses puck.
10:46 of 2nd period - Slapshot by Kevin Connauton.
10:46 of 2nd period - Stopped by Vitek Vanecek with a rebound.
10:58 of 2nd period - Sergei Boikov is hit by Chris Carlisle and loses puck.
11:25 of 2nd period - Wrist shot by Phillip Di Guiseppe.
11:25 of 2nd period - Stopped by Vitek Vanecek with a rebound.
11:27 of 2nd period - Wrist shot by Curtis McKenzie.
11:27 of 2nd period - Deflect By Phillip Di Guiseppe.
11:27 of 2nd period - Stopped by Vitek Vanecek without a rebound.
11:28 of 2nd period - Derek Grant wins face-off versus Casey Bailey in Sherbrooke Phoenix zone.
11:54 of 2nd period - Jordan Subban is hit by Alex Grant and loses puck.
12:03 of 2nd period - Minor Penalty to Brandon Mashinter for Hooking.
12:04 of 2nd period - Tye McGinn wins face-off versus Casey Bailey in Sherbrooke Phoenix zone.
12:11 of 2nd period - Snap shot by Tye McGinn.
12:11 of 2nd period - Shot Blocked by Jordan Subban.
12:13 of 2nd period - Snap shot by Curtis McKenzie.
12:13 of 2nd period - Shot Blocked by Jordan Subban.
12:15 of 2nd period - Snap shot by Phillip Di Guiseppe.
12:15 of 2nd period - Shot Blocked by Jordan Subban.
12:17 of 2nd period - Slapshot by Kevin Connauton.
12:17 of 2nd period - Stopped by Vitek Vanecek with a rebound.
12:49 of 2nd period - Minor Penalty to Kevin Connauton for Slashing.
12:50 of 2nd period - Casey Bailey wins face-off versus Curtis McKenzie in Drummondville Voltigeurs zone.
12:51 of 2nd period - Slapshot by Max Friberg.
12:51 of 2nd period - Shot Misses the Net.
13:39 of 2nd period - Brad Malone is hit by Sergei Boikov and loses puck.
14:03 of 2nd period - Penalty to Brandon Mashinter is over, Brandon Mashinter is back on ice.
14:49 of 2nd period - Penalty to Kevin Connauton is over, Kevin Connauton is back on ice.
15:05 of 2nd period - Slapshot by Ahti Oksanen.
15:05 of 2nd period - Goal by Ahti Oksanen - Drummondville Voltigeurs : 2 - Sherbrooke Phoenix : 2.
15:06 of 2nd period - Tye McGinn wins face-off versus Casey Bailey in neutral zone.
15:08 of 2nd period - Alex Grant beats up Daniel Zaar.
15:08 of 2nd period - Penalty to Daniel Zaar for Fighting.
15:08 of 2nd period - Penalty to Alex Grant for Fighting.
15:09 of 2nd period - Tye McGinn wins face-off versus Casey Bailey in Sherbrooke Phoenix zone.
15:10 of 2nd period - Slapshot by Curtis McKenzie.
15:10 of 2nd period - Shot Misses the Net.
15:13 of 2nd period - Mike Weber beats up Sergei Boikov.
15:13 of 2nd period - Penalty to Mike Weber for Fighting.
15:13 of 2nd period - Penalty to Sergei Boikov for Fighting.
15:13 of 2nd period - Penalty to Mike Weber for instigated a fight.
15:13 of 2nd period - Penalty to Mike Weber for instigated a fight.
15:14 of 2nd period - Casey Bailey wins face-off versus Tye McGinn in neutral zone.
15:56 of 2nd period - Icing by Derek Grant.
15:57 of 2nd period - Derek Grant wins face-off versus Brandon Mashinter in Drummondville Voltigeurs zone.
15:57 of 2nd period - Derek Grant is hit by Jordan Subban.
16:07 of 2nd period - Slapshot by Phillip Di Guiseppe.
16:07 of 2nd period - Shot Misses the Net.
16:09 of 2nd period - Snap shot by Kevin Connauton.
16:09 of 2nd period - Shot Hit the Post.
16:25 of 2nd period - Slapshot by Julius Honka.
16:25 of 2nd period - Shot Blocked by Jordan Subban.
16:27 of 2nd period - Wrist shot by Tyler Pitlick.
16:27 of 2nd period - Shot Misses the Net.
16:29 of 2nd period - Slapshot by Julius Honka.
16:29 of 2nd period - Shot Misses the Net.
17:00 of 2nd period - Icing by Phillip Di Guiseppe.
17:01 of 2nd period - Derek Grant wins face-off versus Casey Bailey in Drummondville Voltigeurs zone.
17:08 of 2nd period - Ahti Oksanen is hit by Jordan Subban and loses puck.
17:13 of 2nd period - Penalty to Mike Weber is over, Justin Florek is send on ice.
17:27 of 2nd period - Snap shot by Curtis McKenzie.
17:27 of 2nd period - Shot Blocked by Jordan Subban.
18:05 of 2nd period - Troy Bourke is hit by Phillip Di Guiseppe and loses puck.
18:48 of 2nd period - Max Friberg is hit by Mike Downing and loses puck.
19:53 of 2nd period - Jean-Sebastien Dea is hit by Brandon Mashinter and loses puck.
Goals for this period are 1 for Drummondville Voltigeurs vs 1 for Sherbrooke Phoenix.
Shots for this period are 8 for Drummondville Voltigeurs vs 4 for Sherbrooke Phoenix.

3rd period


0:01 of 3rd period - Casey Bailey wins face-off versus Phillip Di Guiseppe in neutral zone.
0:15 of 3rd period - Casey Bailey is hit by Phillip Di Guiseppe and loses puck.
0:26 of 3rd period - Tommy Hughes is hit by Kevin Connauton.
0:48 of 3rd period - Wrist shot by Derek Grant.
0:48 of 3rd period - Stopped by Vitek Vanecek without a rebound.
0:49 of 3rd period - Jean-Sebastien Dea wins face-off versus Casey Bailey in Sherbrooke Phoenix zone.
0:50 of 3rd period - Wrist shot by Nick Sorensen.
0:50 of 3rd period - Shot Blocked by Daniel Zaar.
1:00 of 3rd period - Wrist shot by Max Friberg.
1:00 of 3rd period - Goal by Max Friberg - Drummondville Voltigeurs : 2 - Sherbrooke Phoenix : 3.
1:01 of 3rd period - Casey Bailey wins face-off versus Tye McGinn in neutral zone.
1:06 of 3rd period - Slapshot by Max Friberg.
1:06 of 3rd period - Deflect By Daniel Zaar.
1:06 of 3rd period - Shot Blocked by Phillip Di Guiseppe.
1:06 of 3rd period - Puck is out of play.
1:07 of 3rd period - Curtis McKenzie wins face-off versus Casey Bailey in Drummondville Voltigeurs zone.
1:14 of 3rd period - Slapshot by Kevin Connauton.
1:14 of 3rd period - Shot Blocked by Jordan Subban.
1:34 of 3rd period - Snap shot by Brandon Mashinter.
1:34 of 3rd period - Stopped by Nick Ellis without a rebound.
1:35 of 3rd period - Derek Grant wins face-off versus Brad Malone in Drummondville Voltigeurs zone.
1:46 of 3rd period - Wrist shot by Brandon Mashinter.
1:46 of 3rd period - Shot Blocked by Tyler Pitlick.
1:48 of 3rd period - Slapshot by Julius Bergman.
1:48 of 3rd period - Stopped by Nick Ellis without a rebound.
1:49 of 3rd period - Tye McGinn wins face-off versus Casey Bailey in Drummondville Voltigeurs zone.
2:24 of 3rd period - Wrist shot by Daniel Zaar.
2:24 of 3rd period - Stopped by Nick Ellis with a rebound.
2:26 of 3rd period - Snap shot by Jordan Subban.
2:26 of 3rd period - Deflect By Julius Honka.
2:26 of 3rd period - Stopped by Nick Ellis with a rebound.
2:28 of 3rd period - Slapshot by Max Friberg.
2:28 of 3rd period - Goal by Max Friberg - Drummondville Voltigeurs : 2 - Sherbrooke Phoenix : 4.
2:29 of 3rd period - Tye McGinn wins face-off versus Brad Malone in neutral zone.
2:51 of 3rd period - Icing by Kevin Connauton.
2:52 of 3rd period - Casey Bailey wins face-off versus Tye McGinn in Drummondville Voltigeurs zone.
3:09 of 3rd period - Daniel Zaar is hit by Phillip Di Guiseppe and loses puck.
3:26 of 3rd period - Wrist shot by Phillip Di Guiseppe.
3:26 of 3rd period - Deflect By Jordan Subban.
3:26 of 3rd period - Shot Misses the Net.
3:26 of 3rd period - Puck is out of play.
3:27 of 3rd period - Derek Grant wins face-off versus Brad Malone in Sherbrooke Phoenix zone.
3:28 of 3rd period - Slapshot by Tyler Pitlick.
3:28 of 3rd period - Stopped by Vitek Vanecek without a rebound.
3:29 of 3rd period - Tyler Pitlick wins face-off versus Brad Malone in Sherbrooke Phoenix zone.
4:22 of 3rd period - Backhand shot by Phillip Di Guiseppe.
4:22 of 3rd period - Shot Misses the Net.
4:34 of 3rd period - Tyler Pitlick is hit by Brad Malone and loses puck.
5:21 of 3rd period - Slapshot by Brad Malone.
5:21 of 3rd period - Stopped by Nick Ellis without a rebound.
5:22 of 3rd period - Brad Malone wins face-off versus Derek Grant in Drummondville Voltigeurs zone.
5:23 of 3rd period - Slapshot by Brandon Mashinter.
5:23 of 3rd period - Stopped by Nick Ellis with a rebound.
5:35 of 3rd period - Wrist shot by Derek Grant.
5:35 of 3rd period - Shot Misses the Net.
5:54 of 3rd period - Wrist shot by Francis Perron.
5:54 of 3rd period - Stopped by Nick Ellis with a rebound.
5:56 of 3rd period - Snap shot by Francis Perron.
5:56 of 3rd period - Stopped by Nick Ellis with a rebound.
5:58 of 3rd period - Snap shot by Brandon Mashinter.
5:58 of 3rd period - Deflect By Francis Perron.
5:58 of 3rd period - Shot Hit the Post.
5:58 of 3rd period - Puck is out of play.
5:59 of 3rd period - Casey Bailey wins face-off versus Derek Grant in Drummondville Voltigeurs zone.
6:14 of 3rd period - Snap shot by Casey Bailey.
6:14 of 3rd period - Deflect By Max Friberg.
6:14 of 3rd period - Shot Blocked by Alex Grant.
6:14 of 3rd period - Puck is out of play.
6:15 of 3rd period - Justin Florek wins face-off versus Tye McGinn in Drummondville Voltigeurs zone.
6:22 of 3rd period - Snap shot by Casey Bailey.
6:22 of 3rd period - Shot Blocked by Tye McGinn.
6:24 of 3rd period - Wrist shot by Blake Coleman.
6:24 of 3rd period - Shot Blocked by Alex Grant.
6:26 of 3rd period - Wrist shot by Casey Bailey.
6:26 of 3rd period - Shot Misses the Net.
6:44 of 3rd period - Snap shot by Max Friberg.
6:44 of 3rd period - Shot Hit the Post.
6:48 of 3rd period - Slapshot by Pascal Pelletier.
6:48 of 3rd period - Shot Misses the Net.
6:50 of 3rd period - Wrist shot by Jordan Subban.
6:50 of 3rd period - Shot Misses the Net.
7:02 of 3rd period - Wrist shot by Tye McGinn.
7:02 of 3rd period - Shot Blocked by Jordan Subban.
7:04 of 3rd period - Snap shot by Tyler Pitlick.
7:04 of 3rd period - Shot Misses the Net.
7:06 of 3rd period - Wrist shot by Kevin Connauton.
7:06 of 3rd period - Shot Blocked by Brandon Mashinter.
7:08 of 3rd period - Snap shot by Tyler Pitlick.
7:08 of 3rd period - Stopped by Vitek Vanecek without a rebound.
7:09 of 3rd period - Casey Bailey wins face-off versus Derek Grant in Sherbrooke Phoenix zone.
7:11 of 3rd period - Minor Penalty to Julius Bergman for Hooking.
7:12 of 3rd period - Curtis McKenzie wins face-off versus Casey Bailey in Sherbrooke Phoenix zone.
8:40 of 3rd period - Francis Perron is hit by Phillip Di Guiseppe and loses puck.
9:11 of 3rd period - Penalty to Julius Bergman is over, Julius Bergman is back on ice.
9:21 of 3rd period - Casey Bailey is hit by Seth Helgeson and loses puck.
9:44 of 3rd period - Mark Olver is hit by Jordan Subban.
10:04 of 3rd period - Ahti Oksanen is hit by Blake Coleman and loses puck.
10:13 of 3rd period - 10 Minutes Misconduct Penalty to Mike Weber is over.
11:08 of 3rd period - Slapshot by Troy Bourke.
11:08 of 3rd period - Stopped by Nick Ellis with a rebound.
11:10 of 3rd period - Wrist shot by Pascal Pelletier.
11:10 of 3rd period - Shot Misses the Net.
16:12 of 3rd period - Snap shot by Daniel Zaar.
16:12 of 3rd period - Stopped by Nick Ellis with a rebound.
16:14 of 3rd period - Snap shot by Daniel Zaar.
16:14 of 3rd period - Shot Misses the Net.
16:16 of 3rd period - Snap shot by Conner Bleackley.
16:16 of 3rd period - Deflect By Daniel Zaar.
16:16 of 3rd period - Shot Misses the Net.
16:16 of 3rd period - Puck is out of play.
16:17 of 3rd period - Jean-Sebastien Dea wins face-off versus Conner Bleackley in Drummondville Voltigeurs zone.
18:23 of 3rd period - Nick Sorensen is hit by Blake Coleman and loses puck.
Goals for this period are 0 for Drummondville Voltigeurs vs 2 for Sherbrooke Phoenix.
Shots for this period are 3 for Drummondville Voltigeurs vs 12 for Sherbrooke Phoenix.